 Dungeon Crawl Stone Soup version 0.29.0-4-gdea44cf6ec (webtiles) character file.

Game seed: 6237150309431032457

72 qw the Ruffian (level 4, -6/35 HPs)
             Began as a Ghoul Fire Elementalist on Aug 30, 2022.
             Killed by divine providence
             ... invoked by an orc priest
              (15 damage)
             ... on level 2 of the Dungeon.
             The game lasted 00:01:37 (1852 turns).

qw the Ruffian (Ghoul Fire Elementalist)            Turns: 1852, Time: 00:01:37

Health: -6/35      AC:  2    Str: 13    XL:     4   Next: 26%
Magic:  5/5        EV: 12    Int: 10    God:
Gold:   72         SH:  0    Dex:  9    Spells: 5/6 levels left

rFire   . . .      SeeInvis .     - Unarmed
rCold   + . .      Faith    .   (no shield)
rNeg    + + +      Spirit   .   a - +0 robe
rPois   inf        Reflect  .   (no helmet)
rElec   .          Harm     .   (no cloak)
rCorr   .          Rampage  .   (no gloves)
Will    .....                   (no boots)
Stlth   ++........              (no amulet)
HPRegen 0.00/turn               (no ring)
MPRegen 0.09/turn               (no ring)

@: inhibited regen
A: claws 1, cold resistance 1, negative energy resistance 3, inhibited
regeneration, torment resistance 2, devour on kill
a: no special abilities


You were on level 2 of the Dungeon.
You visited 1 branch of the dungeon, and saw 2 of its levels.

You collected 72 gold pieces.


Innate Abilities, Weirdness & Mutations

You are immune to poison.
You have sharp fingernails.
Your flesh is cold resistant. (rC+)
You are immune to negative energy. (rN+++)
You do not regenerate when monsters are visible.
You are immune to unholy pain and torment.
You thrive by killing the living.


   Skills:
 - Level 1.2 Fighting
 - Level 1.7 Dodging
 - Level 2.1 Stealth
 + Level 3.8 Unarmed Combat
 - Level 1.7 Spellcasting
 - Level 0.7 Conjurations
 - Level 2.4 Fire Magic


You had 5 spell levels left.
You knew the following spells:

 Your Spells              Type           Power      Damage    Failure   Level
a - Foxfire               Conj/Fire      16%        2x1d4     17%         1

Your spell library contained the following spells:

 Spells                   Type           Power      Damage    Failure   Level
 Scorch                   Fire           10%        2d6       19%         2
 Conjure Flame            Conj/Fire      4%         6-21      45%         3
 Inner Flame              Hex/Fire       3%         N/A       52%         3
 Flame Wave               Conj/Fire      4%         2d5       86%         4

Inventory:

Armour
 a - a +0 robe (worn)
Scrolls
 b - a scroll of identify
 c - a scroll of vulnerability {unknown}
Potions
 d - a potion of heal wounds {unknown}
 h - 4 potions of curing {unknown}
 j - a potion of attraction {unknown}
 k - a potion of cancellation {unknown}
 m - a potion of degeneration {unknown}

Dungeon Overview and Level Annotations

Branches:
Dungeon (2/15)

Altars:


Message History

The orc priest hits you with a +0 whip. The orc closely misses you.
You scratch the orc priest.
You kill the orc priest!
The orc hits you with a +0 club.
You have reached level 4!
You claw the orc!
You kill the orc!
You claw the orc priest!
The orc priest is heavily wounded.
The orc hits you with a +0 short sword. The orc priest hits you with a +0 club.
1840 ||| Stepping ~*~*~tactically~*~*~ (outnumbered).
1841 ||| Stepping ~*~*~tactically~*~*~ (outnumbered).
The orc priest attacks as you move away!
The orc priest barely misses you.
1842 ||| Stepping ~*~*~tactically~*~*~ (outnumbered).
1843 ||| Stepping ~*~*~tactically~*~*~ (outnumbered).
The orc attacks as you move away! The orc barely misses you.
1844 ||| Stepping ~*~*~tactically~*~*~ (outnumbered).
1845 ||| Stepping ~*~*~tactically~*~*~ (outnumbered).
The orc attacks as you move away! The orc barely misses you.
The frilled lizard attacks as you move away!
The frilled lizard closely misses you.
You closely miss the orc priest.
The orc priest is heavily wounded.
1847 ||| Stepping ~*~*~tactically~*~*~ (outnumbered).
1848 ||| Stepping ~*~*~tactically~*~*~ (outnumbered).
The orc attacks as you move away! The orc barely misses you.
The orc priest attacks as you move away!
The orc priest barely misses you.
1849 ||| Stepping ~*~*~tactically~*~*~ (outnumbered).
1850 ||| Stepping ~*~*~tactically~*~*~ (outnumbered).
You barely miss the orc. The orc barely misses you.
The orc priest mumbles some strange prayers to Beogh against you.
Beogh smites you!
You barely miss the orc. The orc closely misses you.
The orc priest mumbles some strange prayers to Beogh against you.
Beogh smites you!
You die...

########### ###
....#.....##############.#
..............oo@........# #
..<...........l#S........### #
............##.............######
.........)..###.........##.......
............# #...........#######
............# ##........#..# ##
.....))......# ####)..####.## ##.
.......!......####......##..###..
....#...........................#


You could see an orc priest, an orc, a ball python and a frilled lizard.

Vanquished Creatures
  An orc priest (D:2)
  An adder (D:2)
  2 orcs (D:2)
  5 endoplasms
  A giant cockroach (D:1)
  3 goblins
  A hobgoblin (D:1)
  2 quokkas (D:1)
  5 ball pythons
  6 bats
  3 kobolds
  2 rats (D:1)
32 creatures vanquished.

Notes
Turn   | Place    | Note
-------+----------+-------------------------------------------
     0 | D:1      | qw the Ghoul Fire Elementalist began the quest for the Orb.
     0 | D:1      | Reached XP level 1. HP: 14/14 MP: 2/2
     0 | D:1      | 0 ||| qw: Version: 0.1-a-90-g952f4b7
     0 | D:1      | 0 ||| qw: Game counter: 4317
     0 | D:1      | 0 ||| qw: Always use a shield: true
     0 | D:1      | 0 ||| qw: God list: Okawaru
     0 | D:1      | 0 ||| qw: Allow faded altars: false
     0 | D:1      | 0 ||| qw: Do Orc after D:15 true
     0 | D:1      | 0 ||| qw: Do second Lair branch before Depths: true
     0 | D:1      | 0 ||| qw: Lair rune preference: random
     0 | D:1      | 0 ||| qw: Plans: Normal
     0 | D:1      | 0 ||| PLANNING D:1-11
    79 | D:1      | Reached skill level 1 in Unarmed Combat
   280 | D:1      | HP: 1/14 [quokka (5)]
   677 | D:1      | Reached skill level 1 in Fighting
   677 | D:1      | Reached XP level 2. HP: 21/23 MP: 3/3
  1108 | D:1      | 1108 ||| Stepping ~*~*~tactically~*~*~ (stealth).
  1110 | D:1      | 1110 ||| Stepping ~*~*~tactically~*~*~ (stealth).
  1115 | D:1      | 1115 ||| Stepping ~*~*~tactically~*~*~ (stealth).
  1120 | D:1      | 1120 ||| Stepping ~*~*~tactically~*~*~ (stealth).
  1122 | D:1      | 1122 ||| Stepping ~*~*~tactically~*~*~ (stealth).
  1126 | D:1      | 1126 ||| Stepping ~*~*~tactically~*~*~ (stealth).
  1132 | D:1      | 1132 ||| Stepping ~*~*~tactically~*~*~ (stealth).
  1305 | D:1      | Reached skill level 2 in Unarmed Combat
  1396 | D:1      | 1396 ||| DROPPING ring of flight.
  1397 | D:1      | 1397 ||| READING 3 scrolls labelled ZAIFYO BOOLOT.
  1398 | D:1      | 1398 ||| READING scroll labelled EREENWI EHIST.
  1399 | D:1      | 1399 ||| READING scroll labelled JIW JEPSOIP.
  1400 | D:1      | 1400 ||| READING scroll labelled ZISIET IWOWNOITI.
  1401 | D:1      | 1401 ||| READING scroll labelled CYPA QAFEERER.
  1402 | D:1      | 1402 ||| DROPPING potion of magic.
  1403 | D:1      | 1403 ||| DROPPING 2 scrolls of magic mapping.
  1553 | D:2      | 1553 ||| Stepping ~*~*~tactically~*~*~ (stealth).
  1555 | D:2      | Reached XP level 3. HP: 26/28 MP: 4/4
  1555 | D:2      | 1555 ||| Stepping ~*~*~tactically~*~*~ (stealth).
  1573 | D:2      | 1573 ||| Stepping ~*~*~tactically~*~*~ (stealth).
  1751 | D:2      | 1751 ||| Stepping ~*~*~tactically~*~*~ (stealth).
  1753 | D:2      | 1753 ||| Stepping ~*~*~tactically~*~*~ (stealth).
  1755 | D:2      | 1755 ||| Stepping ~*~*~tactically~*~*~ (stealth).
  1826 | D:2      | Reached skill level 3 in Unarmed Combat
  1838 | D:2      | Reached XP level 4. HP: 27/35 MP: 5/5
  1840 | D:2      | 1840 ||| Stepping ~*~*~tactically~*~*~ (outnumbered).
  1841 | D:2      | 1841 ||| Stepping ~*~*~tactically~*~*~ (outnumbered).
  1842 | D:2      | 1842 ||| Stepping ~*~*~tactically~*~*~ (outnumbered).
  1843 | D:2      | 1843 ||| Stepping ~*~*~tactically~*~*~ (outnumbered).
  1844 | D:2      | 1844 ||| Stepping ~*~*~tactically~*~*~ (outnumbered).
  1845 | D:2      | 1845 ||| Stepping ~*~*~tactically~*~*~ (outnumbered).
  1847 | D:2      | 1847 ||| Stepping ~*~*~tactically~*~*~ (outnumbered).
  1848 | D:2      | 1848 ||| Stepping ~*~*~tactically~*~*~ (outnumbered).
  1849 | D:2      | 1849 ||| Stepping ~*~*~tactically~*~*~ (outnumbered).
  1850 | D:2      | 1850 ||| Stepping ~*~*~tactically~*~*~ (outnumbered).
  1852 | D:2      | Killed from afar by an orc priest

Levels and vault maps discovered:
D:1:      dpeg_arrival_prison, layout_loops_ring, minmay_splitting_lines
D:2:      layout_rooms, chequers_ecumenical_altar_simple_redux,
          amcnicky_mini_pool_small, kennysheep_generic_room_14

Skill      XL: |  1  2  3 |
---------------+----------+-----
Unarmed Combat | 1 2 3 |  3.8
Fighting       | 1 |  1.2
Dodging        | |  1.7
Stealth        | |  2.1
Spellcasting   | |  1.7
Conjurations   | |  0.7
Fire Magic     | |  2.4

Action                   |  1- 3 |  4- 6 || total
-------------------------+-------+-------++-------
Melee: Unarmed           |   121 |     5 ||   126
       Punch             |     1 |       ||     1
  Use: Scroll            |     5 |       ||     5
 Stab: Distracted        |     1 |       ||     1
Armor: Robe              |    26 |       ||    26
Dodge: Dodged            |    74 |     8 ||    82

Table legend:
 A = Non-vault XP
 B = Vault XP
 C = Vault XP percentage of total XP
 D = Non-vault monster count
 E = Vault monster count
 F = Vault count percentage of total count
                 A         B        C        D         E       F
            +---------+---------+-------+---------+---------+-------
      Total |      99 |       5 |   4.8 |      29 |       3 |   9.4
            +---------+---------+-------+---------+---------+-------
        D:1 |      24 |       2 |   7.7 |      16 |       1 |   5.9
        D:2 |      75 |       3 |   3.8 |      13 |       2 |  13.3
            +---------+---------+-------+---------+---------+-------
